 Dungeon Crawl Stone Soup version 0.31-a0-840-g6d2ecbb638 (webtiles) character file.

Game seed: 2198425938274737765

23 Ivernyr the Twirler (level 2, -5/15 HPs)
             Began as a Vine Stalker Gladiator on Sept 27, 2023.
             Slain by Crazy Yiuf
             ... wielding a +4 quarterstaff of chaos
              (9 damage)
             ... on level 2 of the Dungeon.
             The game lasted 00:02:21 (1321 turns).

Ivernyr the Twirler (Vine Stalker Gladiator)        Turns: 1321, Time: 00:02:23

Health: -5/15      AC:  4    Str: 16    XL:     2   Next: 95%
Magic:  0/3        EV: 12    Int:  8    God:
Gold:   69         SH:  0    Dex: 15    Spells: 1/1 levels left

rFire   . . .        a - +0 quarterstaff
rCold   . . .        (shield currently unavailable)
rNeg    . . .        b - +0 leather armour
rPois   .            c - +0 helmet
rElec   .            (no cloak)
rCorr   .            (no gloves)
SInv    .            (no boots)
Will    .....        (no amulet)
Stlth   +            (no ring)
HPRegen 1.02/turn    (no ring)
MPRegen 0.08/turn

%: guardian spirit
@: no status effects
A: fangs 2, regeneration 1, magic shield, antimagic bite, no potion heal 2
a: no special abilities


You were on level 2 of the Dungeon.
You visited 1 branch of the dungeon, and saw 2 of its levels.

You collected 89 gold pieces.
You spent 20 gold pieces at shops.

Inventory:

Hand Weapons
 a - a +0 quarterstaff (weapon)
Missiles
 d - 3 throwing nets (quivered)
 e - a javelin
Armour
 b - a +0 leather armour (worn)
 c - a +0 helmet (worn)
Scrolls
 f - a scroll of blinking
 i - a scroll of amnesia {unknown}
 k - a scroll of revelation {unknown}
Potions
 g - a potion of brilliance
 h - 2 potions of curing
 j - 2 potions of attraction {unknown}


   Skills:
 + Level 2.1 Fighting
 * Level 3.1 Staves
 - Level 1.7 Throwing
 + Level 0.6 Armour
 + Level 2.6 Dodging


You had one spell level left.
You didn't know any spells.
Your spell library contained the following spells:

 Spells                   Type           Power      Damage    Failure   Level
 Shock                    Conj/Air       0%         1d3       47%         1
 Swiftness                Air            0%         N/A       85%         3
 Airstrike                Air            0%         2d(0-16)  99%         4


Dungeon Overview and Level Annotations

Branches:
Dungeon (2/15)

Altars:

Shops:
D:2 ?:!*!

Annotations:
D:2 Crazy Yiuf


Innate Abilities, Weirdness & Mutations

You have extremely sharp teeth.
Your natural rate of healing is unusually fast.
When hurt, damage is shared between your health and your magic reserves.
Your bite disrupts and absorbs the magic of your enemies.
Potions cannot restore your health.


Message History

As you read the scroll of identify, it crumbles to dust.
f - a scroll of blinking You drop a ring of ice.
You see here a +0 robe.
Found a robe.
i - a scroll labelled OJOSISYOGI Key pressed, stopping explore.
Found 6 stones.
You see here 6 stones.
You see here 6 stones.
Found 7 stones.
You see here 7 stones.
Found a hammer.
Found a runed translucent door.
Crazy Yiuf says, "Key!"
You see here 6 stones.
You now have 69 gold pieces (gained 13).
Found Koagiluh's Assorted Antiques.
There is an entrance to Koagiluh's Assorted Antiques here.
No target in view!
You see here a +0 mace.
Found Ecoux's Book Emporium.
There is an entrance to Ecoux's Book Emporium here.
Found a short sword.
Found a stone staircase leading down.
j - 2 smoky grey potions
Found a stone staircase leading down.
You open the door.
Crazy Yiuf shouts!
You hit Crazy Yiuf. Your bite misses Crazy Yiuf.
Crazy Yiuf is moderately wounded.
Crazy Yiuf whimpers, "Whiteboard King action!"
Crazy Yiuf hits you with a +4 quarterstaff of chaos!
Ouch! That really hurt!
You resist with some effort.
You barely miss Crazy Yiuf.
Crazy Yiuf is moderately wounded.
Crazy Yiuf hits you with a +4 quarterstaff of chaos.
* * * LOW HITPOINT WARNING * * *
Crazy Yiuf hits you with a +4 quarterstaff of chaos!
Ouch! That really hurt!
You die...

####.# #.#.#
#..#......(.#
#....#
#.#.###....##.###.#
##.##.#
#.#.....#.###.# #.#
#..#### ###########
#.# #.# #.## ###.#
#.# #.###♣♣♣♣♣
#...# #.##
#.#....♣.♣♣♣ ###
##### #...
#(...P..♣..♣#...#
####
#....P.♣♣♣♣@g...#
##...P♣♣ ♣♣#..)#
####♣♣ ###


You could see Crazy Yiuf.

Vanquished Creatures
  3 ball pythons
  5 bats
  2 endoplasms (D:1)
  5 goblins
  A hobgoblin (D:1)
  A quokka (D:1)
  A frilled lizard (D:1)
  4 rats
22 creatures vanquished.

Notes
Turn   | Place    | Note
-------+----------+-------------------------------------------
     0 | D:1      | Ivernyr the Vine Stalker Gladiator began the quest for the
                  | Orb.
     0 | D:1      | Reached XP level 1. HP: 11/11 MP: 2/2
    94 | D:1      | Reached XP level 2. HP: 15/15 MP: 3/3
   237 | D:1      | Reached skill level 3 in Staves
   607 | D:2      | Found Xaatusuinn's Distillery.
   794 | D:2      | Found Erghy's Distillery.
   907 | D:2      | Found Yrai's Magic Scroll Shop.
   929 | D:2      | Bought a scroll of identify for 20 gold pieces
  1026 | D:2      | Found a runed translucent door.
  1027 | D:2      | Noticed Crazy Yiuf
  1124 | D:2      | Found Koagiluh's Assorted Antiques.
  1210 | D:2      | Found Ecoux's Book Emporium.
  1321 | D:2      | Slain by Crazy Yiuf

Illustrated notes

Levels and vault maps discovered:
D:1:      amcnicky_arrival_wind_blow, layout_basic
D:2:      layout_loops_ring, serial_shops, nicolae_square_shop,
          nicolae_shop_advertising_works [nicolae_subvault_shop_adworks], shop,
          nicolae_book_shop_shelving, shop, uniq_crazy_yiuf_cottage

Skill      XL: |  1  2 |
---------------+-------+-----
Fighting       | 2 |  2.1
Staves         | 3 |  3.1
Throwing       | |  1.7
Armour         | |  0.6
Dodging        | |  2.6

Action                     || total
---------------------------++-------
  Melee: Quarterstaff      ||    47
         Bite              ||     5
    Use: Scroll            ||     3
   Stab: Sleeping          ||     2
 Armour: Leather armour    ||    41
  Dodge: Dodged            ||    54

Table legend: (Time is in decaauts)
 A = Elapsed time spent in this place.
 B = Non-inter-level travel time spent in this place.
 C = Inter-level travel time spent in this place.
 D = Time resting spent in this place.
 E = Time spent auto-exploring this place.
 F = Levels seen in this place.
 G = Mean time per level.
                   A        B        C        D        E       F      G
               +--------+--------+--------+--------+--------+-----+--------+
         Total |   1327 |   1287 |     40 |      0 |   1095 |   2 |  663.5 |
       Dungeon |   1327 |   1287 |     40 |      0 |   1095 |   2 |  663.5 |
               +--------+--------+--------+--------+--------+-----+--------+

Top non-repeatable levels by time:
     D:2: 805 daAuts
     D:1: 522 daAuts
